 Dungeon Crawl Stone Soup version 0.29.1-13-g9f3cf754e1 (webtiles) character file.

Game seed: 14393011039092566269

43329 wingedge the Carver (level 13, -1/113 HPs)
             Began as a Demigod Conjurer on Jan 30, 2023.
             Succumbed to a cane toad's poison
             ... on level 5 of the Lair of Beasts on Feb 1, 2023.
             The game lasted 02:04:18 (25196 turns).

wingedge the Carver (Demigod Conjurer)             Turns: 25196, Time: 02:04:18

Health: -1/113     AC: 11    Str:  8    XL:     13   Next: 53%
Magic:  4/30       EV: 15    Int: 28    God:
Gold:   655        SH:  7    Dex: 17    Spells: 5/29 levels left

rFire   + + .      SeeInvis +   a - +9 falchion "Ywumyssu" {flame, rF+ rC+++ rCorr Dex-3}
rCold   + + +      Faith    .   Q - +1 buckler
rNeg    . . .      Spirit   .   S - +2 robe {Will+}
rPois   +          Reflect  .   v - +2 helmet
rElec   .          Harm     .   V - scarf {rC+ rF+}
rCorr   +          Rampage  .   N - +1 pair of gloves
Will    ++...                   U - +1 pair of boots
Stlth   ++........              P - amulet of the acrobat
HPRegen 0.28/turn               l - ring of poison resistance
MPRegen 0.22/turn               n - ring of see invisible

@: lethally poisoned (-1 -> -14), liquefying, very slightly contaminated,
studying Long Blades, slowed movement, very slow
A: high MP 1, forlorn, divine attributes
a: no special abilities


You were on level 5 of the Lair of Beasts.
You visited 2 branches of the dungeon, and saw 16 of its levels.
You also visited: Sewer and Bailey.

You collected 995 gold pieces.
You spent 340 gold pieces at shops.

Inventory:

Hand Weapons
 a - the +9 falchion "Ywumyssu" (weapon) {flame, rF+ rC+++ rCorr Dex-3}
   (You found it on level 2 of the Lair of Beasts)

   It burns those it strikes, dealing additional fire damage.
   Big, fiery blades are also staple armaments of hydra-hunters.
   Dex:       It affects your dexterity (-3).
   rF:        It protects you from fire.
   rC:        It renders you almost immune to cold.
   rCorr:     It protects you from acid and corrosion.
 b - the +7 spear "Komnialu" {drain, rF+ rN+}
   (You found it on level 7 of the Dungeon)

   A truly terrible weapon, it drains the life of any living foe it strikes.
   rF:        It protects you from fire.
   rN:        It protects you from negative energy.
 h - a +0 dagger of distortion
 W - a +3 scimitar of flaming
Missiles
 w - a throwing net
 G - 4 curare-tipped darts
Armour
 i - a +0 kite shield
 v - a +2 helmet (worn)
 N - a +1 pair of gloves (worn)
 O - a +2 robe of the Archmagi
 Q - a +1 buckler (worn)
 S - a +2 robe of willpower (worn)
 U - a +1 pair of boots (worn)
 V - a scarf of resistance (worn)
Jewellery
 c - a ring of ice
 l - a ring of poison resistance (left hand)
 n - a ring of see invisible (right hand)
 u - a ring of flight
 P - an amulet of the acrobat (around neck)
Wands
 d - a wand of polymorph (3)
 r - a wand of iceblast (10) (quivered)
 x - a wand of light (12)
 M - a wand of digging (5)
 T - a wand of flame (17)
 Y - a wand of mindburst (5)
Scrolls
 j - 2 scrolls of vulnerability
 o - 5 scrolls of teleportation
 q - 5 scrolls of poison
 s - 2 scrolls of torment
 t - 3 scrolls of fear
 y - a scroll of fog
 C - 3 scrolls of magic mapping
 D - 2 scrolls of amnesia
 H - a scroll of brand weapon
 X - a scroll of immolation
 Z - a scroll of acquirement {unknown}
Potions
 e - 9 potions of curing
 f - 3 potions of mutation {unknown}
 g - 2 potions of heal wounds
 k - 3 potions of attraction
 m - 6 potions of invisibility {unknown}
 p - 3 potions of might {unknown}
 z - 2 potions of resistance {unknown}
 A - 4 potions of flight {unknown}
 B - 5 potions of haste {unknown}
 E - 5 potions of magic
 F - a potion of ambrosia {unknown}
 I - a potion of experience {unknown}
 J - 5 potions of cancellation {unknown}
 K - 5 potions of lignification
 L - 5 potions of brilliance {unknown}
 R - a potion of berserk rage {unknown}


   Skills:
 - Level 10.0 Fighting
 - Level 10.0 Long Blades
 + Level 2.2 Armour
 - Level 6.0 Dodging
 - Level 3.0 Stealth
 + Level 5.9 Shields
 + Level 8.9 Spellcasting
 - Level 8.0 Conjurations
 - Level 7.0 Hexes
 - Level 3.0 Necromancy
 - Level 3.0 Transmutations
 + Level 8.8 Earth Magic


You had 5 spell levels left.
You knew the following spells:

 Your Spells              Type           Power      Damage    Failure   Level
a - Magic Dart            Conj           100%       1d8       1%          1
b - Searing Ray           Conj           100%       2d8       1%          2
c - Fulminant Prism       Conj/Hex       26%        3d14      2%          4
d - Cause Fear            Hex            25%        N/A       3%          4
e - Sublimation of Blood  Necr           29%        N/A       2%          2
f - Wereblood             Tmut           29%        N/A       2%          2
g - Lee's Rapid Deconstr  Erth           29%        3d16*     4%          5
h - Leda's Liquefaction   Hex/Erth       27%        N/A       2%          4

Your spell library contained the following spells:

 Spells                   Type           Power      Damage    Failure   Level
 Shock                    Conj/Air       100%       1d9       1%          1
 Static Discharge         Conj/Air       34%        3-8/arc   1%          2
 Dazzling Flash           Conj/Hex       100%       N/A       1%          3
 Tukima's Dance           Hex            51%        N/A       1%          3
 Portal Projectile        Hex/Tloc       64%        N/A       4%          3
 Scorch                   Fire           24%        2d6       9%          2
 Flame Wave               Conj/Fire      34%        2d10      11%         4
 Iskenderun's Mystic Bla  Conj/Tloc      34%        2d8       11%         4
 Frozen Ramparts          Ice            24%        1d4       17%         3
 Swiftness                Air            12%        N/A       17%         3
 Ice Form                 Ice/Tmut       20%        N/A       30%         4
 Lightning Bolt           Conj/Air       17%        1d31      30%         5
 Silence                  Hex/Air        16%        N/A       36%         5
 Agony                    Necr           29%        N/A       43%         5
 Blade Hands              Tmut           14%        N/A       43%         5
 Airstrike                Air            6%         2d(1-17)  50%         4
 Summon Ice Beast         Ice/Summ       12%        N/A       50%         4
 Statue Form              Tmut/Erth      30%        N/A       61%         6
 Summon Cactus Giant      Summ           6%         N/A       100%        6
 Dragon Form              Tmut           14%        N/A       100%        7
 Summon Hydra             Summ           6%         N/A       100%        7
 Maxwell's Capacitive Co  Air            6%         ∞         100%        8
 Dragon's Call            Summ           6%         N/A       100%        9


Dungeon Overview and Level Annotations

Branches:
Dungeon (11/15)            Temple (0/1) D:4            Lair (5/5) D:11
 Shoals (0/4) Lair:2       Spider (0/4) Lair:3          Orc (0/2) D:10
  Sewer (visited)          Bailey (visited)
  Slime: Lair:4-5

Shops:
D:4 (   D:7 :**   D:10 [(


Innate Abilities, Weirdness & Mutations

You have an increased reservoir of magic. (+10% MP)
You shall have no god before yourself.
Your divine heritage dramatically boosts your attributes as you level up.


Message History

Aim: a komodo dragon (severely wounded, 79% to hit)
The bolt of light hits the komodo dragon!
The komodo dragon is almost dead.
The komodo dragon is blinded.
The six-headed hydra roars!
The blink frog blinks!
The cane toad stings you.
* * * LOW HITPOINT WARNING * * *
You are poisoned.
The cane toad poisons you!
The blink frog blinks!
Casting: Cause Fear (mildly dangerous; 3% risk of failure)
Confirm with . or Enter, or press ? or * to list all spells.
Aiming: Lee's Rapid Deconstruction (dangerous; 4% risk of failure)
Press: ? - help, Dir - move target, p - komodo dragon A rock wall.
You miscast Lee's Rapid Deconstruction.
You are very lightly contaminated with residual magic.
Nothing appears to happen.
* * * LOW HITPOINT WARNING * * *
You feel very sick. You block the komodo dragon's attack.
The cane toad stings you.
* * * LOW HITPOINT WARNING * * *
The blink frog blinks!
A blink frog comes into view.
You feel much better.
You feel very sick.
The eight-headed hydra seems to regain its courage.
The cane toad stings you!
* * * LOW HITPOINT WARNING * * *
Cornered, the water moccasin turns to fight!
The komodo dragon bites you!!
* * * LOW HITPOINT WARNING * * *
Okay, then.
As you read the scroll of fear, it crumbles to dust.
You assume a fearsome visage.
The eight-headed hydra looks frightened!
The cane toad looks frightened!
The komodo dragon looks frightened!
The water moccasin looks frightened!
The six-headed hydra looks frightened!
The blink frog looks frightened! x2
The blink frog gives a loud, deep croak!
You die...

..........###
F.........#.
..F.....§.S#
...........# #
....D......###S#
...$......##...#
.......F.......#
F......@..†....#
~......Pl......#
~..~...###.......
~.~.D.~ !......
P~...(. .~.....
~≈~~~.. ~~#....
~~~P≈~~ ~.#P#..
~~~~~~~ ..# # .
###


You could see an eight-headed hydra (fleeing), a six-headed hydra (fleeing), a
komodo dragon (blind, fleeing), 2 cane toads, 2 blink frogs and 2 water
moccasins.

Vanquished Creatures
  Rupert (Lair:4)
  Nessos (Lair:3)
  2 hydras
  A two-headed ogre (D:11)
  A centaur warrior (D:9)
  Erica (D:8)
  2 death yaks (Lair:2)
  Urug (D:10)
  Sonja (Lair:3)
  A lindwurm (Lair:3)
  An orc knight (Bailey)
  2 manticores
  A cyclops (D:9)
  2 oklob plants (Lair:2)
  6 elephants
  2 black mambas (Lair:1)
  A torpor snail (Lair:2)
  A gargoyle (D:10)
  8 cane toads
  Maggie (D:7)
  7 komodo dragons
  A kobold demonologist (D:9)
  3 polar bears (D:10)
  9 trolls
  A wind drake (Lair:2)
  10 dream sheep
  17 blink frogs
  3 vampires
  A shadow (D:9)
  4 wyverns
  2 wraiths
  5 basilisks
  27 yaks
  Menkaure (D:6)
  An acid dragon (D:11)
  10 water moccasins
  5 orc warriors
  2 sky beasts (D:7)
  6 ice beasts
  4 black bears
  2 ogres
  43 wolves
  5 centaurs
  7 kobold brigands
  A necrophage (D:6)
  8 bullfrogs
  7 gnoll sergeants
  5 scorpions
  10 wights
  13 killer bees
  A crimson imp (D:10)
  3 electric eels
  5 howler monkeys
  6 hounds
  3 jellies
  2 gnoll boudas
  6 orc priests
  2 iguanas (D:5)
  8 orc wizards
  Natasha (D:3)
  4 hell rats (Lair:3)
  Robin (D:3)
  34 gnolls
  11 adders
  2 river rats (Sewer)
  6 white imps
  3 ufetubi
  4 worms
  40 orcs
  13 ball pythons
  5 bats
  7 endoplasms
  10 giant cockroaches
  6 hobgoblins
  7 jackals
  28 kobolds
  5 quokkas
  5 frilled lizards
  20 goblins
  9 rats
514 creatures vanquished.

Vanquished Creatures (others)
  4 kobolds (D:10)
  221 fulminant prisms
  42 fungi
  71 plants
338 creatures vanquished.

Grand Total: 852 creatures vanquished

Notes
Turn   | Place    | Note
-------+----------+-------------------------------------------
     0 | D:1      | wingedge the Demigod Conjurer began the quest for the Orb.
     0 | D:1      | Reached XP level 1. HP: 14/14 MP: 5/5
   891 | D:1      | Reached XP level 2. HP: 20/20 MP: 2/7
  1122 | D:2      | Learned a level 2 spell: Searing Ray
  1792 | D:2      | Reached XP level 3. HP: 26/26 MP: 4/8
  2659 | D:3      | Noticed Robin
  2688 | D:3      | Reached XP level 4. HP: 30/33 MP: 6/10
  3016 | D:3      | Reached skill level 5 in Conjurations
  3079 | D:3      | Killed Robin
  3325 | D:3      | Noticed Natasha
  3329 | D:3      | Killed Natasha
  3330 | D:3      | Reached skill level 1 in Fighting
  3497 | D:4      | Noticed a gnoll sergeant
  3500 | D:4      | Reached XP level 5. HP: 40/40 MP: 12/12
  3587 | D:4      | Found a staircase to the Ecumenical Temple.
  3751 | D:4      | Reached XP level 6. HP: 51/51 MP: 9/14
  3939 | D:4      | Reached skill level 1 in Hexes
  4142 | D:4      | Found Raeruddoegy's Weapon Emporium.
  4431 | D:4      | Reached XP level 7. HP: 59/59 MP: 10/16
  4734 | D:5      | Entered Level 5 of the Dungeon
  5147 | D:5      | Reached skill level 5 in Fighting
  5768 | D:5      | Learned a level 4 spell: Fulminant Prism
  6420 | D:6      | Reached XP level 8. HP: 68/68 MP: 13/17
  6465 | D:6      | Found a glowing drain.
  6528 | Sewer    | Entered a sewer
  6783 | Sewer    | Reached skill level 5 in Hexes
  8217 | D:6      | Noticed Menkaure
  8221 | D:6      | Killed Menkaure
  8222 | D:6      | Reached skill level 1 in Long Blades
  8486 | D:7      | Found Enyurchae's Book Emporium.
  8544 | D:7      | Found Ucsi's General Store.
  8551 | D:7      | Reached XP level 9. HP: 74/74 MP: 11/19
  8579 | D:7      | Bought a potion of lignification for 48 gold pieces
  8579 | D:7      | Bought a scroll of enchant armour for 120 gold pieces
  8579 | D:7      | Bought a +0 pair of gloves for 72 gold pieces
  8579 | D:7      | Bought a scroll of identify for 32 gold pieces
  8579 | D:7      | Bought a scroll of noise for 16 gold pieces
  8629 | D:7      | Found a flagged portal.
  8690 | Bailey   | Entered a bailey
  8696 | Bailey   | Learned a level 4 spell: Cause Fear
  9114 | Bailey   | Noticed an orc knight
  9303 | Bailey   | Killed an orc knight
  9304 | Bailey   | Reached skill level 5 in Spellcasting
  9675 | D:7      | Reached skill level 5 in Long Blades
  9750 | D:7      | Identified the +7 spear "Komnialu" {drain, rF+ rN+}
 10185 | D:7      | Found Belihil's General Store.
 10191 | D:7      | Bought a scroll of amnesia for 52 gold pieces
 10222 | D:7      | Noticed Maggie
 10235 | D:7      | Killed Maggie
 11092 | D:7      | Reached XP level 10. HP: 86/86 MP: 17/22
 11221 | D:8      | Reached skill level 1 in Shields
 11376 | D:8      | Noticed Erica
 11384 | D:8      | Killed Erica
 11777 | D:8      | Learned a level 2 spell: Sublimation of Blood
 11780 | D:8      | Learned a level 2 spell: Wereblood
 12075 | D:9      | Reached skill level 1 in Necromancy
 12075 | D:9      | Reached skill level 1 in Transmutations
 12377 | D:9      | Noticed a centaur warrior
 12402 | D:9      | Reached skill level 5 in Dodging
 12405 | D:9      | Killed a centaur warrior
 12658 | D:9      | Noticed a cyclops
 12668 | D:9      | Killed a cyclops
 12975 | D:9      | Reached XP level 11. HP: 88/92 MP: 13/25
 13621 | D:10     | Entered Level 10 of the Dungeon
 14195 | D:10     | Noticed Urug
 14345 | D:10     | Killed Urug
 14346 | D:10     | Reached skill level 1 in Earth Magic
 15262 | D:10     | Found Jige's Weapon Emporium.
 15263 | D:10     | Found a staircase to the Orcish Mines.
 15265 | D:10     | Found Jeohog's Armour Emporium.
 15904 | D:11     | Found a staircase to the Lair.
 16702 | D:11     | Noticed a two-headed ogre
 16712 | D:11     | Killed a two-headed ogre
 17144 | Lair:1   | Entered Level 1 of the Lair of Beasts
 17643 | Lair:1   | Reached XP level 12. HP: 103/103 MP: 6/28
 17889 | Lair:1   | Learned a level 5 spell: Lee's Rapid Deconstruction
 18502 | Lair:2   | Reached skill level 5 in Earth Magic
 18508 | Lair:2   | HP: 5/104 [death yak[a torpor snail] (8)]
 19092 | Lair:2   | Reached skill level 10 in Long Blades
 19552 | Lair:2   | Reached skill level 10 in Fighting
 19829 | Lair:2   | Found a staircase to the Shoals.
 20345 | Lair:2   | Noticed a seven-headed hydra
 20355 | Lair:2   | Killed a seven-headed hydra
 20826 | Lair:2   | Learned a level 4 spell: Leda's Liquefaction
 20876 | Lair:2   | You fall into a shaft and drop 1 floor!
 21659 | Lair:2   | Identified the +9 falchion "Ywumyssu" {flame, rF+ rC+++
                  | rCorr Dex-3}
 21816 | Lair:3   | Noticed a five-headed hydra
 22010 | Lair:3   | Found a hole to the Spider Nest.
 22018 | Lair:3   | Noticed Sonja
 22019 | Lair:3   | Killed Sonja
 22062 | Lair:3   | Reached XP level 13. HP: 113/113 MP: 18/29
 22465 | Lair:3   | Reached skill level 5 in Shields
 22598 | Lair:3   | Noticed Nessos
 22607 | Lair:3   | Killed Nessos
 23651 | Lair:4   | Noticed Rupert
 23653 | Lair:4   | Paralysed by Rupert for 4 turns
 23667 | Lair:4   | Paralysed by Rupert for 3 turns
 23817 | Lair:4   | Killed Rupert
 23818 | Lair:4   | Reached skill level 1 in Armour
 25179 | Lair:5   | Entered Level 5 of the Lair of Beasts
 25195 | Lair:5   | HP: 2/113 [komodo dragon (18)]
 25196 | Lair:5   | Succumbed to a cane toad's poison

Illustrated notes

Levels and vault maps discovered:
D:1:      scummos_arrival_checkerplants, layout_loops_corners
D:2:      layout_loops_cross, kennysheep_another_room
D:3:      layout_loops_ring, uniq_natasha, uniq_robin
D:4:      layout_rooms, nicolae_uskayaw_suspiria, mainiacjoe_overflow_alcove_4,
          minmay_temple_entry_junction_2, serial_shops,
          nicolae_shop_bloodbath_and_beyond, minmay_curled_crystal,
          grunt_ministairs_8, lightli_minifort
D:5:      layout_basic, xom_redecorated, led_sif_pool, okawaru_gym_becter,
          grunt_temple_overflow_diamond
D:6:      layout_loops_ring, grunt_gozag_statues, elyvilon_altar_4,
          portal_sewer_entry_b, minmay_manual_mares, uniq_menkaure
D:7:      layout_basic, nzn_wu_jian_contemplation, enter_bailey_7, serial_shops,
          shop_coins, shop, nicolae_shop_stone, kennysheep_small_square,
          uniq_maggie
D:8:      layout_rooms, minivault_26, uniq_erica
D:9:      nzn_winding_woodlands_small
          [nzn_winding_woodlands_5x15_river_crossing,
          nzn_winding_woodlands_center_garden,
          nzn_winding_woodlands_5x15_split_checker], layout_cave_pools
D:10:     layout_roguey, mainiacjoe_overflow_chevrons,
          grunt_temple_overflow_lords_of_destruction, kennysheep_mini_moat,
          orc_david_3, serial_ice, serial_ice_g, serial_ice_e, serial_ice_k,
          serial_ice_n, serial_ice_f, serial_ice_c,
          chequers_serial_rivers_micro_e, uniq_urug
D:11:     layout_cave_pods, lair_entry_dummy
Lair:1:   layout_cave_pods, grunt_forest_small_clearing_treed,
          grunt_megastairs_4
Lair:2:   minmay_lair_oklob_chamber, layout_cave_pods,
          minmay_shoals_entry_beasts, infiniplex_staircase_pool_2
Lair:3:   layout_regular_city, dummy_spider_entry, grunt_forest_large_clearings,
          infiniplex_staircase_pool, uniq_nessos, uniq_sonja
Lair:4:   layout_regular_city, uniq_rupert
Lair:5:   minmay_lair_end_frog_pond, layout_hall_layers, slime_entry_1,
          lookout_lair_type

Skill      XL: |  1  2  3  4  5  6  7  8  9 10 11 12 13 |
---------------+----------------------------------------+-----
Conjurations   | 4 5 7 8 |  8.0
Spellcasting   | 2 3 4 5 7 8 |  8.9
Fighting       | 1 3 4 5 7 8 10 | 10.0
Dodging        | 2 5 6 |  6.0
Stealth        | 2 3 |  3.0
Hexes          | 2 4 6 7 |  7.0
Long Blades    | 2 5 8 10 | 10.0
Shields        | 3 4 5 |  5.9
Necromancy     | 2 3 |  3.0
Transmutations | 2 3 |  3.0
Earth Magic    | 4 7 8 |  8.8
Armour         | 2 |  2.2

Action                   |  1- 3 |  4- 6 |  7- 9 | 10-12 | 13-15 || total
-------------------------+-------+-------+-------+-------+-------++-------
Melee: Short sword       |     9 |     3 |     2 |       |       ||    14
       Hand axe          |       |       |    13 |       |       ||    13
       Punch             |       |       |     1 |       |       ||     1
       Falchion          |       |       |    11 |    27 |   135 ||   173
       Spear             |       |       |     1 |     2 |       ||     3
       Scimitar          |       |       |       |   129 |       ||   129
Throw: Javelin           |       |       |     3 |       |       ||     3
       Dart              |       |       |       |       |     1 ||     1
 Cast: Magic Dart        |    67 |     9 |    12 |       |       ||    88
       Searing Ray       |    16 |    34 |    82 |    65 |       ||   197
       Fulminant Prism   |       |       |    41 |   172 |     8 ||   221
       Cause Fear        |       |       |     2 |     1 |     1 ||     4
       Lee's Rapid Decon |       |       |       |    23 |    52 ||    75
       Wereblood         |       |       |       |     4 |     6 ||    10
       Leda's Liquefacti |       |       |       |     3 |     6 ||     9
Evoke: Wand              |       |     5 |     1 |     2 |     2 ||    10
  Use: Potion            |       |     1 |       |     1 |     2 ||     4
       Scroll            |       |       |     8 |    11 |     6 ||    25
 Stab: Sleeping          |       |       |       |     2 |       ||     2
Armor: Robe              |     3 |    11 |     7 |    98 |    40 ||   159
Dodge: Dodged            |     9 |     8 |    55 |   212 |   122 ||   406
Block: Kite shield       |       |       |     2 |       |       ||     2
       Buckler           |       |       |     1 |   100 |    37 ||   138
